 Dungeon Sprint DCSS version 0.24-a0-48-g0ecae65 (webtiles) character file.

Game seed: 15798502330532874017

280 tatocazan the Cleaver (level 8, -8/47 HPs)
             Began as a Vine Stalker Fighter on Feb 3, 2019.
             Was a Priest of Qazlal.
             Mangled by a tyrant leech (16 damage)
             ... in the Dungeon (Sprint VI: "Thunderdome").
             The game lasted 00:07:24 (734 turns).

tatocazan the Cleaver (Vine Stalker Fighter)         Turns: 734, Time: 00:07:25

Health: -8/47      AC:  7    Str: 20    XL:     8   Next: 92%
Magic:  0/22       EV: 11    Int:  8    God:    Qazlal [***...]
Gold:   187        SH: 16    Dex: 15    Spells: 7/7 levels left

rFire    . . .     SeeInvis .   a - +0 war axe
rCold    . . .     Gourm    .   c - +0 shield
rNeg     . . .     Faith    .   b - +0 scale mail
rPois    .         Spirit   +   (no helmet)
rElec    .         Reflect  .   (no cloak)
rCorr    .         Harm     .   (no gloves)
MR       +....     NoTele   +   (no boots)
Stlth    ..........             (no amulet)
HPRegen  0.55/turn              p - ring "Wocvess" {+Blink MP+9}
MPRegen  0.18/turn              (no ring)

@: hasted, very quick
A: fangs 3, regeneration 1, magic shield, antimagic bite, no potion heal 3, rot
immunity
a: Upheaval, Elemental Force, Renounce Religion, Evoke Blink


You were in the Dungeon.
You worshipped Qazlal.
Qazlal was most pleased with you.
You were not hungry.

You visited 1 branch You collected 400 gold pieces.
You spent 213 gold pieces at shops.

Inventory:

Hand Weapons
 a - a +0 war axe (weapon)
Missiles
 d - 2 throwing nets (quivered)
Armour
 b - a +0 scale mail (worn)
 c - a +0 shield (worn)
Jewellery
 p - the ring "Wocvess" (left hand) {+Blink MP+9}
   (You bought it in a shop in the Dungeon)

   [ring of magical power]

   It affects your magic capacity (+9).
   It lets you blink.
Wands
 l - a wand of acid (3)
 m - a wand of iceblast (5)
Scrolls
 k - 4 scrolls of blinking
 n - 3 scrolls of fog
Potions
 e - 7 potions of curing
 g - 4 potions of heal wounds
 h - 3 potions of haste
 i - a potion of magic
 j - a potion of berserk rage
 o - a potion of resistance
Comestibles
 f - a ration


   Skills:
 + Level 7.8 Fighting
 * Level 9.6 Axes
 + Level 7.1 Armour
 + Level 5.3 Dodging
 + Level 7.8 Shields
 + Level 6.3 Invocations


You had 7 spell levels left.
You didn't know any spells.
Your spell library was empty.

Dungeon Overview and Level Annotations

Branches:
Dungeon (1/1)

Altars:
Cheibriados
Dithmenos
Fedhas
Gozag
Kikubaaqudgha
Makhleb
Okawaru
Qazlal
Ru
Sif Muna
Trog
Uskayaw
Vehumet
Wu Jian
Xom
Yredelemnul
Zin
The Shining One
Beogh
Jiyva
Lugonu

Shops:
D *[%??*?*:[((!!!!


Innate Abilities, Weirdness & Mutations

You have razor-sharp teeth.
Your natural rate of healing is unusually fast.
When hurt, damage is shared between your health and your magic reserves.
Your bite disrupts and absorbs the magic of your enemies.
Potions cannot restore your health.
You are immune to rotting.


Message History

Clouds arounds you coalesce and take form!
The storm surrounding you is now too weak to repel missiles.
You will no longer adapt resistances upon receiving elemental damage.
The witch gestures wildly while chanting.
Send 'em back where they came from!
Your water elemental disappears in a puff of smoke! x2
Your air elemental disappears in a puff of smoke! x2
The six-headed hydra barely misses you.
You block the six-headed hydra's attack.
The six-headed hydra closely misses you.
You block the six-headed hydra's attack.
The six-headed hydra bites you. The six-headed hydra barely misses you.
You take 2 damage, and have 31/47 hp.
You now have 9/22 mp.
Clouds arounds you coalesce and take form!
The tyrant leech bites you!!
* * * LOW HITPOINT WARNING * * *
The tyrant leech draws strength from your injuries!
You take 23 damage, and have 8/47 hp.
MASSIVE DAMAGE!!
You now have 1/22 mp.
The tyrant leech bites you!
You die...

##∩.....∩## #∩.......∩#
#_......._# #_......._#
#_........# ###........p###
#⌠.........§.⌠#
####.8........○8.######
___......###...D@.___∩##
.......8.# #.8.Ew§....∩###
.....(...###.....§.......##
....(.###...###..........⌠#
......# #(<.# #..........⌠#
.....(###.D.###..........⌠#
.......).###.............##
.....(.8.# #.8........∩###
___...)(.###......___∩##


You could see a six-headed hydra, a tyrant leech, a witch and a friendly fire
elemental.

Vanquished Creatures
  A merfolk (D)
  A hippogriff (D)
  2 soldier ants (D)
  A centaur (D)
  A killer bee (D)
  6 vampire bats (D)
  2 jellies (D)
  3 worker ants (D)
  4 oozes (D)
21 creatures vanquished.

Vanquished Creatures (collateral kills)
  A cyclops (D)
  A merfolk siren (D)
  A merfolk (D)
3 creatures vanquished.

Grand Total: 24 creatures vanquished

Notes
Turn   | Place    | Note
-------+----------+-------------------------------------------
     0 | D        | tatocazan the Vine Stalker Fighter began the quest for the
                  | Orb.
     0 | D        | Reached XP level 1. HP: 11/11 MP: 2/2
     5 | D        | Found a sacrificial altar of Ru.
     5 | D        | Round 1.
     6 | D        | Found a bloodstained altar of Trog.
     6 | D        | Found a blossoming altar of Fedhas.
     7 | D        | Found a snail-covered altar of Cheibriados.
     7 | D        | Found a burning altar of Makhleb.
     8 | D        | Found Godghugg's Distillery.
     8 | D        | Found a glowing golden altar of the Shining One.
     8 | D        | Found a stormy altar of Qazlal.
     8 | D        | Found Gaujaut's Do-It-Yourself Clinic.
     9 | D        | Found Dashasy's Distillery.
     9 | D        | Found Beedomugue's Bottled Wisdom.
    24 | D        | Became a worshipper of Qazlal Stormbringer
    27 | D        | Bought 4 potions of curing for 84 gold pieces
    27 | D        | Bought 4 potions of curing for 84 gold pieces
    42 | D        | Reached skill level 2 in Axes
    47 | D        | Found a hide-covered altar of Uskayaw.
    47 | D        | Found Fudyaki's Staff Store.
    51 | D        | Reached XP level 2. HP: 11/16 MP: 3/3
    56 | D        | Reached * piety under Qazlal
    56 | D        | Reached skill level 3 in Axes
    56 | D        | Reached XP level 3. HP: 1/21 MP: 0/4
    65 | D        | Found a glowing silver altar of Zin.
    66 | D        | Found a corrupted altar of Lugonu.
    66 | D        | Found Jesteen's Weapon Rack.
    67 | D        | Found Cicluys's Basic Armour.
    67 | D        | Found Alleruk's Miscellaneous Merchandise.
    68 | D        | Found an ornate altar of the Wu Jian Council.
    68 | D        | Found an iron altar of Okawaru.
    68 | D        | Found Haoshe's Premium Goods.
    72 | D        | Found a viscous altar of Jiyva.
    73 | D        | Found a roughly hewn altar of Beogh.
    81 | D        | Gained mutation: Your natural rate of healing is unusually
                  | fast. [Vine Stalker growth]
    81 | D        | Reached XP level 4. HP: 4/26 MP: 2/5
    83 | D        | Reached skill level 4 in Axes
    86 | D        | Reached ** piety under Qazlal
    86 | D        | Arena points: 14 (+14) [x2]
   134 | D        | Round 2.
   146 | D        | Found a basalt altar of Yredelemnul.
   147 | D        | Found a radiant altar of Vehumet.
   147 | D        | Found an ancient bone altar of Kikubaaqudgha.
   147 | D        | Found Bomym's Magic Scroll Shop.
   148 | D        | Found Hocumep's Must-Have Magic.
   148 | D        | Found Ezuijas's Magic Scroll Shop.
   164 | D        | Found a deep blue altar of Sif Muna.
   168 | D        | Found an opulent altar of Gozag.
   168 | D        | Found a shadowy altar of Dithmenos.
   168 | D        | Found Imuliq's Delicious Food.
   168 | D        | Found Liutistri's Jewellery.
   169 | D        | Found Hyqiusy's Advanced Armour.
   174 | D        | Found Kamomun's Identification Station.
   174 | D        | Found a shimmering altar of Xom.
   175 | D        | Bought an ancient marble ring for 45 gold pieces
   175 | D        | Identified the ring "Wocvess" {+Blink MP+9} (You bought it
                  | in a shop in the Dungeon)
   259 | D        | Reached skill level 5 in Fighting
   259 | D        | Reached skill level 5 in Axes
   259 | D        | Reached skill level 1 in Dodging
   259 | D        | Reached skill level 5 in Shields
   259 | D        | Reached skill level 1 in Invocations
   259 | D        | Reached XP level 5. HP: 23/30 MP: 7/7
   265 | D        | Noticed a soldier ant
   275 | D        | Noticed a soldier ant
   289 | D        | Killed a soldier ant
   289 | D        | Reached *** piety under Qazlal
   289 | D        | Reached skill level 6 in Axes
   289 | D        | Reached skill level 5 in Armour
   289 | D        | Reached XP level 6. HP: 26/36 MP: 9/9
   295 | D        | Killed a soldier ant
   295 | D        | Arena points: 56 (+42) [x3]
   295 | D        | Reached skill level 7 in Axes
   314 | D        | Round 3.
   348 | D        | Reached XP level 7. HP: 40/40 MP: 11/11
   365 | D        | Reached **** piety under Qazlal
   425 | D        | Reached ***** piety under Qazlal
   429 | D        | Arena points: 140 (+84) [x4]
   486 | D        | Round 4.
   507 | D        | Noticed a merfolk siren
   516 | D        | Killed a merfolk siren
   516 | D        | Reached skill level 8 in Axes
   516 | D        | Reached skill level 5 in Invocations
   605 | D        | Noticed a merfolk
   608 | D        | Gained mutation: You have razor-sharp teeth. [Vine Stalker
                  | growth]
   608 | D        | Reached XP level 8. HP: 40/46 MP: 12/12
   611 | D        | Killed a merfolk
   618 | D        | Noticed a hippogriff
   625 | D        | Killed a hippogriff
   625 | D        | Reached skill level 9 in Axes
   638 | D        | Noticed a merfolk
   642 | D        | Noticed a cyclops
   664 | D        | Killed a merfolk
   664 | D        | Reached skill level 5 in Dodging
   669 | D        | Killed a cyclops
   669 | D        | Arena points: 280 (+140) [x5]
   694 | D        | Round 5.
   719 | D        | Noticed a six-headed hydra
   723 | D        | Noticed a tyrant leech
   726 | D        | Noticed a witch
   734 | D        | Mangled by a tyrant leech

Vault maps used:
D:        arena_sprint

Skill      XL: |  1  2  3  4  5  6  7  8 |
---------------+-------------------------+-----
Fighting       | 3 4 5 6 7 |  7.8
Axes           | 2 3 5 6 7 8 9 |  9.6
Shields        | 3 4 5 6 7 |  7.8
Armour         | 3 4 5 6 7 |  7.1
Dodging        | 1 2 3 4 5 |  5.3
Invocations    | 1 2 4 5 6 |  6.3

Action                   |  1- 3 |  4- 6 |  7- 9 || total
-------------------------+-------+-------+-------++-------
Melee: War axe           |     8 |    46 |    30 ||    84
       Bite              |     2 |    14 |    13 ||    29
Invok: Elemental Force   |       |       |     8 ||     8
 Abil: Evoke Blink       |       |       |     1 ||     1
Evoke: Wand              |     2 |       |       ||     2
  Use: Potion            |       |     3 |     2 ||     5
 Stab: Distracted        |       |       |     1 ||     1
Armor: Scale mail        |     1 |    17 |     9 ||    27
Dodge: Dodged            |     3 |    17 |    13 ||    33
       Deflected         |       |       |     1 ||     1
Block: Shield            |     4 |    48 |    33 ||    85

Table legend:
 A = Non-vault XP
 B = Vault XP
 C = Vault XP percentage of total XP
 D = Non-vault monster count
 E = Vault monster count
 F = Vault count percentage of total count
                 A         B        C        D         E       F
            +---------+---------+-------+---------+---------+-------
      Total |    2263 |       0 |   0.0 |      24 |       0 |   0.0
            +---------+---------+-------+---------+---------+-------
          D |    2263 |       0 |   0.0 |      24 |       0 |   0.0
            +---------+---------+-------+---------+---------+-------
